 Dungeon Crawl Stone Soup version 0.24.1-14-gf8d2b509d9 (console) character file.

Game seed: 2557555957281479946, levelgen mode: deterministic

3777 Kagalorn the Covert (level 10, -10/56 HPs)
             Began as an Octopode Earth Elementalist on July 22, 2020.
             Was a Believer of Sif Muna.
             Mangled by a hornet (14 damage)
             ... while paralysed by a hornet
             ... on level 9 of the Dungeon.
             The game lasted 00:25:54 (9619 turns).

Kagalorn the Covert (Octopode Earth Elementalist)   Turns: 9619, Time: 00:25:55

Health: -10/56     AC:  1    Str: 12    XL:     10   Next: 16%
Magic:  11/18      EV:  2    Int: 21    God:    Sif Muna [**....]
Gold:   378        SH:  0    Dex: 13    Spells: 7/19 levels left

rFire    . . .     SeeInvis .   a - +7 whip "Tekk" {slash, rC+ Str+5}
rCold    + . .     Gourm    .   C - +0 buckler
rNeg     . . .     Faith    .   (helmet restricted)
rPois    .         Spirit   .   (no amulet)
rElec    .         Reflect  .   z - ring of resist corrosion
rCorr    +         Harm     .   F - ring of flight
MR       .....                  (no ring)
Stlth    ++++++....             (no ring)
HPRegen  0.18/turn              (no ring)
MPRegen  0.16/turn              (no ring)
                                (no ring)
                                (no ring)

@: paralysed, lethally poisoned (-10 -> -43)
A: almost no armour, stealthy swim, amphibious, 8 rings, constrict 8, camouflage
1, gelatinous body 1
a: Channel Magic, Renounce Religion, Evoke Flight


You were on level 9 of the Dungeon.
You worshipped Sif Muna.
Sif Muna was pleased with you.
You were not hungry.

You visited 2 branches of the dungeon, and saw 10 of its levels.

You collected 411 gold pieces.
You spent 33 gold pieces at shops.

Inventory:

Hand Weapons
 a - the +7 whip "Tekk" (weapon) {slash, rC+ Str+5}
   (You found it on level 5 of the Dungeon)

   It inflicts extra damage upon your enemies.
   It affects your strength (+5).
   It protects you from cold.
 b - a +0 rapier
 w - a +3 quarterstaff
 A - a +0 mace of protection
Missiles
 e - 45 sling bullets
 g - 90 poisoned darts (quivered)
 i - 96 arrows
 l - 4 boomerangs
 v - 77 stones
 B - 36 bolts
Armour
 C - a +0 buckler (worn)
Jewellery
 j - an uncursed ring of ice
 z - a ring of resist corrosion (left tentacle)
 F - a ring of flight (right tentacle)
Wands
 m - a wand of flame (25)
 u - a wand of enslavement (12)
 y - a wand of iceblast (18)
 H - a wand of random effects (9)
Scrolls
 f - 3 scrolls of enchant armour
 h - 4 scrolls of amnesia
 k - 5 scrolls of teleportation
 n - 2 scrolls of fear
 s - 4 scrolls of remove curse
 x - a scroll of blinking {unknown}
 D - a scroll of magic mapping
 G - a scroll of immolation {unknown}
Potions
 d - 3 potions of curing
 o - 3 potions of invisibility
 p - 3 potions of might
 q - a potion of flight
 r - 3 potions of lignification
 t - a potion of heal wounds
 E - 2 potions of ambrosia {unknown}
Comestibles
 c - 14 rations


   Skills:
 + Level 5.9 Dodging
 + Level 8.7 Stealth
 + Level 0.1 Shields
 + Level 5.4 Spellcasting
 - Level 4.0 Translocations
 - Level 5.0 Transmutations
 * Level 8.7 Earth Magic


You had 7 spell levels left.
You knew the following spells:

 Your Spells              Type           Power        Failure   Level  Hunger
a - Sandblast             Erth           #####.       1%          1    None
b - Stone Arrow           Conj/Erth      ###...       9%          3    ##.....
c - Petrify               Tmut/Erth      ####....     10%         4    ####...
g - Passwall              Tmut/Erth      ####....     1%          2    None
h - Blink                 Tloc           N/A          4%          2    None

Your spell library contained the following spells:

 Spells                   Type           Power        Failure   Level  Hunger
 Lee's Rapid Deconstruct  Erth           #####.....   13%         5    #####..
 Magic Dart               Conj           #...         17%         1    None
 Shock                    Conj/Air       #...         17%         1    None
 Call Imp                 Summ           #.......     26%         2    None
 Slow                     Hex            #.......     26%         2    None
 Swiftness                Chrm/Air       #.......     26%         2    None
 Conjure Flame            Conj/Fire      #.......     45%         3    ##.....
 Mephitic Cloud           Conj/Pois/Air  #.......     45%         3    ##.....
 Static Discharge         Conj/Air       #.......     45%         3    ##.....
 Bolt of Magma            Conj/Fire/Erth ###.......   80%         5    #####..
 Airstrike                Air            #.........   86%         4    ####...
 Iskenderun's Battlesphe  Conj/Chrm      #.......     99%         5    #####..
 Lightning Bolt           Conj/Air       #.........   99%         5    #####..
 Venom Bolt               Conj/Pois      #.........   99%         5    #####..
 Iron Shot                Conj/Erth      ###.......   99%         6    #######
 Orb of Destruction       Conj           #.........   100%        7    #######
 Spellforged Servitor     Conj/Summ      #.........   100%        7    #######


Dungeon Overview and Level Annotations

Branches:
Dungeon (9/15)             Temple (1/1) D:5
   Lair: D:8-11         Orc: D:9-12

Altars:
Ashenzari
Cheibriados
Dithmenos
Elyvilon
Fedhas
Gozag
Hepliaklqana
Kikubaaqudgha
Makhleb
Nemelex Xobeh
Okawaru
Qazlal
Ru
Sif Muna
Uskayaw
Vehumet
Wu Jian
Xom
Yredelemnul
Zin
The Shining One

Shops:
D:6 *

Annotations:
D:4 3 runed translucent doors, Name63's ghost, amateur GnWz
D:7 3 runed translucent doors, KlausPeter's ghost, novice HuWn
D:8 2 transporters
D:9 exclusion: oklob sapling


Innate Abilities, Weirdness & Mutations

You cannot wear most types of armour.
You are very stealthy in the water. (Stealth+)
You are amphibious.
You can wear up to eight rings at the same time.
You can use your tentacles to constrict eight enemies at once.
Your skin changes colour to match your surroundings (Stealth+).
Your rubbery body absorbs attacks. (AC +1, EV +1)


Message History

The hornet is engulfed in a cloud of scalding steam.
The hornet stings you.
You are more poisoned.
You feel yourself slow down. The water moccasin barely misses you.
The hornet is engulfed in a cloud of scalding steam.
The hornet stings you.
You are lethally poisoned!
You suddenly lose the ability to move!
The water moccasin bites you.
* * * LOW HITPOINT WARNING * * *
The hornet is engulfed in a cloud of scalding steam.
The hornet stings you but does no damage.
You feel yourself speed up.
* * * LOW HITPOINT WARNING * * *
You feel sick. The water moccasin bites you!
* * * LOW HITPOINT WARNING * * *
You are more poisoned.
The water moccasin poisons you!
The hornet is engulfed in a cloud of scalding steam.
The hornet stings you!
You die...

#.#.# #.#.# #.#.####
..#.#..# ≈ .......# ≈♣
..###.###≈P♣
..#####P≈≈≈♣ ###
......#≈≈≈≈♣ +≈y####
#.....P≈≈.≈♣####@S≈#
#......P≈.♣♣'≈≈≈≈♣≈≈:♣
..........P.♣♣♣♣♣♣ ♣♣♣
................###
.#................###
.+...................
.#####............###
#..#####........ ....#
#########


You could see a hornet and a water moccasin.

Vanquished Creatures
  A hornet (D:7)
  4 yaks (D:5)
  A hungry ghost (D:7)
  Edmund (D:5)
  An ice beast (D:5)
  A sky beast (D:7)
  A phantom (D:6)
  3 ogres
  A centaur (D:8)
  A necrophage (D:7)
  A big kobold (D:8)
  3 bullfrogs
  A scorpion (D:7)
  5 killer bees (D:7)
  4 wights
  4 howler monkeys
  5 crimson imps
  2 centaur zombies
  5 hounds
  2 jellies
  A gnoll shaman (D:5)
  An orc priest (D:8)
  Crazy Yiuf (D:5)
  5 orc wizards
  A bullfrog skeleton (D:8)
  2 iguanas
  6 worker ants
  A statue (D:8)
  A howler monkey zombie (D:5)
  10 gnolls
  12 adders
  An ooze (D:5)
  An adder zombie (D:7)
  4 dart slugs
  8 leopard geckos
  26 orcs
  5 giant cockroaches
  A hobgoblin (D:1)
  11 jackals
  6 kobolds
  2 quokkas
  2 ball pythons (D:4)
  8 bats
  6 frilled lizards
  4 goblins
  2 quokka skeletons
  6 rats
181 creatures vanquished.

Vanquished Creatures (others)
  3 plants (D:5)
3 creatures vanquished.

Grand Total: 184 creatures vanquished

Notes
Turn   | Place    | Note
-------+----------+-------------------------------------------
     0 | D:1      | Kagalorn the Octopode Earth Elementalist began the quest
                  | for the Orb.
     0 | D:1      | Reached XP level 1. HP: 11/11 MP: 3/3
    33 | D:1      | Reached XP level 2. HP: 17/17 MP: 1/5
   267 | D:1      | Reached XP level 3. HP: 12/21 MP: 3/6
   693 | D:1      | Learned a level 2 spell: Passwall
   947 | D:2      | Reached XP level 4. HP: 23/27 MP: 7/7
  1291 | D:3      | Found a glowing silver altar of Zin.
  1343 | D:3      | Found a hazy altar of Hepliaklqana.
  1940 | D:4      | Noticed Name63's ghost (amateur GnWz)
  1940 | D:4      | Noticed an ice beast
  1966 | D:4      | You fall into a shaft and drop 2 floors!
  1977 | D:5      | Entered Level 5 of the Dungeon
  1977 | D:5      | Noticed Edmund
  1985 | D:5      | Found a staircase to the Ecumenical Temple.
  2005 | D:5      | Reached XP level 5. HP: 18/31 MP: 0/8
  2120 | D:4      | Noticed an ogre
  2120 | D:4      | Noticed an ogre
  2127 | D:4      | Learned a level 4 spell: Petrify
  2145 | D:4      | Killed an ogre
  2145 | D:4      | Reached XP level 6. HP: 28/36 MP: 6/10
  2241 | D:4      | Reached skill level 5 in Earth Magic
  2457 | D:4      | Found a shattered altar of Ashenzari.
  2693 | D:4      | Found a runed translucent gate.
  2693 | D:4      | Found a runed translucent gate.
  2693 | D:4      | Found a runed translucent gate.
  3309 | D:5      | Got an iridescent whip
  3586 | D:4      | Learned a level 3 spell: Stone Arrow
  3605 | D:5      | Reached skill level 5 in Stealth
  3605 | D:5      | Reached XP level 7. HP: 41/41 MP: 1/11
  4036 | D:4      | Identified the +7 whip "Tekk" {slash, rC+ Str+5} (You found
                  | it on level 5 of the Dungeon)
  4228 | D:5      | Learned a level 2 spell: Blink
  4290 | D:5      | Killed Edmund
  4377 | Temple   | Entered the Ecumenical Temple
  4703 | Temple   | Became a worshipper of Sif Muna the Loreminder
  5008 | D:5      | Reached skill level 1 in Translocations
  5120 | D:5      | Found a runed translucent door.
  5121 | D:5      | Noticed Crazy Yiuf
  5273 | D:5      | Found a sparkling altar of Nemelex Xobeh.
  5293 | D:5      | Reached XP level 8. HP: 38/46 MP: 0/13
  5389 | D:5      | Noticed a yak
  5389 | D:5      | Noticed a yak
  5389 | D:5      | Noticed a yak
  5448 | D:5      | Killed a yak
  5788 | D:5      | Noticed a yak
  5810 | D:5      | Killed a yak
  6003 | D:5      | Killed a yak
  6005 | D:5      | Killed a yak
  6231 | D:5      | Killed Crazy Yiuf
  6320 | D:5      | Reached * piety under Sif Muna
  6509 | D:6      | Reached XP level 9. HP: 36/51 MP: 15/15
  6581 | D:6      | Found Hioneip's General Store.
  6641 | D:6      | Bought a potion of lignification for 33 gold pieces
  7188 | D:7      | Noticed a hornet
  7231 | D:7      | Reached skill level 5 in Dodging
  7354 | D:7      | Killed a hornet
  7626 | D:7      | Found a runed translucent gate.
  7626 | D:7      | Found a runed translucent gate.
  7626 | D:7      | Found a runed translucent gate.
  7638 | D:7      | Noticed KlausPeter's ghost (novice HuWn)
  7913 | D:7      | Reached skill level 5 in Transmutations
  8216 | D:7      | Found a burning altar of Makhleb.
  8358 | D:7      | Reached skill level 5 in Spellcasting
  8594 | D:8      | Found a transporter.
  8595 | D:8      | Found an ancient bone altar of Kikubaaqudgha.
  8595 | D:8      | Noticed a brown ugly thing
  8595 | D:8      | Noticed a fire dragon
  8599 | D:8      | Found a transporter.
  8607 | D:8      | Reached ** piety under Sif Muna
  8673 | D:8      | Reached XP level 10. HP: 28/56 MP: 2/17
  8960 | D:8      | Found a hide-covered altar of Uskayaw.
  9132 | D:8      | Found a radiant altar of Vehumet.
  9424 | D:8      | Found a glowing golden altar of the Shining One.
  9618 | D:9      | Paralysed by a hornet for 2 turns
  9619 | D:9      | Mangled by a hornet

Levels and vault maps discovered:
D:1:      roderic_crossed_star, layout_loops_ring
D:2:      layout_rooms, first_ration
D:3:      layout_rooms, lemuel_crystal_altar, lemuel_crystal_altar,
          serial_corexii_hall, corexii_hall_statues_i,
          chequers_hall_statues_wall_a
D:4:      layout_layer_cave, evilmike_ruin_ashenzari, gammafunk_ghost_icy,
          saegor_snake_ambush
D:5:      layout_basic, nemelex_altar_shiori,
          minmay_temple_entry_gardened_gates, st_stairs_14, water_maze_lemuel,
          uniq_edmund, uniq_crazy_yiuf_cottage
D:6:      layout_loops_ring, serial_shops, kennysheep_mini_moat
D:7:      layout_rooms, nicolae_overflow_crystal_walls,
          gammafunk_ghost_necromancy, serial_park_tiny_2
D:8:      layout_rooms, vehumet_statue, tso_oasis_becter,
          gammafunk_temple_overflow_arena, blue_anna_alchemist
          [blue_anna_fruit_fields, blue_anna_fruit_fields], corexii_corridor_pit
D:9:      minmay_imperfect_grid, layout_basic, trog_ov_bears_minmay,
          kennysheep_orc_monster_closet_entryway, hex_tiny,
          introduction_to_nature_1, uniq_prince_ribbit1
Temple:   minmay_temple_forest_path

Skill      XL: |  1  2  3  4  5  6  7  8  9 |
---------------+----------------------------+-----
Stealth        | 3 4 5 6 8 |  8.7
Earth Magic    | 4 5 6 8 |  8.7
Dodging        | 3 4 5 |  5.9
Transmutations | 2 3 4 5 |  5.0
Spellcasting   | 3 4 5 |  5.4
Translocations | 1 2 4 |  4.0
Shields        | |  0.1

Action                   |  1- 3 |  4- 6 |  7- 9 | 10-12 || total
-------------------------+-------+-------+-------+-------++-------
Melee: Unarmed           |    50 |    14 |       |       ||    64
       Constrict         |    19 |    13 |    31 |     9 ||    72
       Tentacles         |    11 |     5 |    30 |     8 ||    54
       Rapier            |       |    42 |    17 |       ||    59
       Whip              |       |       |   189 |    47 ||   236
Throw: Dart              |       |       |    34 |       ||    34
       Stone             |       |       |     3 |       ||     3
 Cast: Sandblast         |    24 |    37 |     1 |     1 ||    63
       Stone Arrow       |       |     2 |    70 |    15 ||    87
       Petrify           |       |       |    10 |       ||    10
Evoke: Wand              |       |       |       |     2 ||     2
  Use: Scroll            |     3 |    14 |     3 |       ||    20
       Potion            |       |       |     4 |       ||     4
 Stab: Sleeping          |     5 |     8 |     8 |     1 ||    22
       Distracted        |       |       |     2 |       ||     2
       Petrified         |       |       |    26 |       ||    26
  Eat: Chunk             |       |     8 |     9 |     4 ||    21
       Ration            |       |       |     4 |       ||     4
Armor: Skin              |     8 |     4 |    93 |     2 ||   107
Dodge: Dodged            |    50 |    57 |   152 |    55 ||   314
